cohdb
Replays
Latest Replays
All Replays
Popular Replays
Top Player Replays
Match Explorer
How It Works
Community
CoH3 Stats
Reddit
Sign in to upload your games and track your stats! →
Sign in with Steam
Match 45188114
Unlisted
Match 45188114
Overview
Messages
Build Orders
End
Kradschützen Motorcycle Team
Selects Italian Infantry
Selects Italian Infantry
Panzergrenadier Squad
Panzergrenadier Squad
Construct Light Support Kompanie
Fire Support Elements
MG34 Team
Flakvierling Half-track
Panzerjäger Mechanized Group
2.5-tonne Medical Truck
Selects Guastatori Squad
Guastatori Squad
Selects Sound the Alarm
Selects Territory Booby Traps
Construct Panzerarmee Kommand
Selects Propaganda War
Panzer III L Medium Tank
.
Nice Guy Eddie
WeakTendon
Elite_1650
0
0
Comments
sign in to comment!
No comments posted yet!